 Seeded DCSS version 0.28.0-53-g5a82cb258f (webtiles) character file.

Game seed: 2635135200781112581 (custom seed)

345 cbfl8 the Chopper (level 6, -3/48 HPs)
             Began as a Demonspawn Fighter on July 21, 2022.
             Slain by a kobold
             ... wielding a +1 whip of electrocution
              (12 damage)
             ... on level 4 of the Dungeon.
             The game lasted 00:03:39 (3780 turns).

cbfl8 the Chopper (Demonspawn Fighter)              Turns: 3780, Time: 00:03:40

Health: -3/48      AC:  9    Str: 19    XL:     6   Next: 32%
Magic:  6/6        EV:  6    Int:  9    God:
Gold:   130        SH: 12    Dex: 12    Spells: 5/5 levels left

rFire   . . .      SeeInvis .   a - +0 war axe
rCold   . . .      Faith    .   n - +0 tower shield
rNeg    . . .      Spirit   .   b - +0 scale mail
rPois   +          Reflect  .   (helmet restricted)
rElec   .          Harm     .   l - +1 cloak {rPois}
rCorr   .          Rampage  .   (no gloves)
Will    .....                   (no boots)
Stlth   ..........              (no amulet)
HPRegen 0.16/turn               (no ring)
MPRegen 0.10/turn               (no ring)

@: no status effects
A: antennae 1, weakness stinger 1
a: no special abilities


You were on level 4 of the Dungeon.
You visited 1 branch of the dungeon, and saw 4 of its levels.

You collected 130 gold pieces.

Inventory:

Hand Weapons
 a - a +0 war axe (weapon)
Armour
 b - a +0 scale mail (worn)
 c - a +0 buckler
 l - a +1 cloak of poison resistance (worn)
 n - a +0 tower shield (worn)
Scrolls
 d - a scroll of blinking {unknown}
 e - a scroll of vulnerability {unknown}
 f - a scroll of holy word
 g - 2 scrolls of identify
 i - 2 scrolls of teleportation {unknown}
 k - 2 scrolls of fog {unknown}
 o - a scroll of amnesia {unknown}
 p - a scroll of silence {unknown}
Potions
 h - 2 potions of curing {unknown}
 j - a potion of flight {unknown}
 m - 2 potions of attraction {unknown}
 q - 2 potions of degeneration {unknown}


   Skills:
 + Level 3.8 Fighting
 + Level 4.0 Axes
 + Level 3.9 Armour
 + Level 1.0 Dodging
 + Level 0.3 Stealth
 + Level 3.6 Shields


You had 5 spell levels left.
You didn't know any spells.
Your spell library contained the following spells:

 Spells                   Type           Power      Damage    Failure   Level
 Ozocubu's Armour         Ice            0%         N/A       100%        3
 Metabolic Englaciation   Hex/Ice        0%         N/A       100%        5
 Simulacrum               Ice/Necr       0%         N/A       100%        6


Dungeon Overview and Level Annotations

Branches:
Dungeon (4/15)
 Temple: D:4-7

Altars:
Ru
Sif Muna
Yredelemnul

Shops:
D:1 [(*(*


Innate Abilities, Weirdness & Mutations

You have a pair of small antennae on your head.
You have a small tail.


Message History

The phantom is heavily damaged.
The phantom hits you but does no damage.
The phantom hits you.
The phantom blinks!
You blink.
A phantom is nearby!
A phantom is nearby!
You hit the phantom but do no damage.
The phantom is heavily damaged.
You block the phantom's attack. The phantom hits you.
You slash the phantom!
The phantom is almost destroyed.
The phantom hits you.
The phantom blinks!
You blink.
You block the kobold's attack.
There are monsters nearby!
You closely miss the phantom.
The phantom is almost destroyed.
You hit the kobold but do no damage. You block the phantom's attack.
The kobold hits you but does no damage. You block the phantom's attack.
The kobold hits you but does no damage.
You are electrocuted!
There are monsters nearby!
You are too injured to fight recklessly!
There are monsters nearby!
You are too injured to fight recklessly!
There are monsters nearby!
There is a stone staircase leading down here.
You miss the phantom.
The phantom is severely damaged.
You barely miss the kobold.
The phantom hits you but does no damage.
You block the kobold's attack. The phantom hits you!
* * * LOW HITPOINT WARNING * * *
Sorry, you're not good enough to have a special ability.
Okay, then.
Okay, then.
As you read the scroll labelled FIGAWKALUY, it crumbles to dust.
It is a scroll of identify.
f - a scroll of holy word The kobold hits you with a +1 whip of electrocution.
* * * LOW HITPOINT WARNING * * *
You are electrocuted!
You die...

.###.# .............#
..##.# .#####..######
.....# #..## ..####.#
#...# #......# ##..#
#.###### #..# #.#.. #..#
#.#.###########KW######
#.#.............@.....#
#.#..################..#
..........# ####.####.#
...# #.# #########.#
....#.....# ###.#.#####
....#.#


You could see a phantom and a kobold.

Vanquished Creatures
  An ogre (D:4)
  A scorpion (D:4)
  A water moccasin skeleton (D:4)
  A howler monkey (D:3)
  2 hounds (D:4)
  2 adders
  A worm (D:3)
  2 orcs
  An endoplasm (D:1)
  4 giant cockroaches (D:2)
  4 goblins
  9 hobgoblins
  4 jackals (D:3)
  3 quokkas
  4 ball pythons
  3 bats
  A frilled lizard (D:3)
  A kobold (D:3)
  8 rats
53 creatures vanquished.

Notes
Turn   | Place    | Note
-------+----------+-------------------------------------------
     0 | D:1      | cbfl8 the Demonspawn Fighter began the quest for the Orb.
     0 | D:1      | Reached XP level 1. HP: 18/18 MP: 1/1
    21 | D:1      | Found Yplici's Antique Weapon Emporium.
   186 | D:1      | Found Miuruob's General Store.
   286 | D:1      | Found a faded altar of an unknown god.
   523 | D:1      | Found Vagub's Antique Armour Emporium.
   703 | D:1      | Discovered your monstrous ancestry.
   703 | D:1      | Gained mutation: You have a pair of small antennae on your
                  | head. [demonic ancestry]
   703 | D:1      | Reached XP level 2. HP: 23/24 MP: 2/2
   727 | D:1      | Found Taodudosk's Antique Weapon Shoppe.
   839 | D:1      | Found Hyffie's Assorted Antiques.
   925 | D:2      | Reached skill level 2 in Axes
  1012 | D:2      | Reached XP level 3. HP: 4/29 MP: 3/3
  1857 | D:3      | Reached XP level 4. HP: 14/35 MP: 4/4
  1863 | D:3      | Reached skill level 3 in Axes
  2369 | D:3      | Found a sacrificial altar of Ru.
  2401 | D:3      | Found a basalt altar of Yredelemnul.
  2607 | D:3      | Found a shimmering blue altar of Sif Muna.
  3037 | D:4      | Noticed a scorpion
  3045 | D:4      | Killed a scorpion
  3046 | D:4      | Gained mutation: You have a small tail. [demonic ancestry]
  3046 | D:4      | Reached XP level 5. HP: 24/41 MP: 5/5
  3561 | D:4      | Noticed an ogre
  3567 | D:4      | Killed an ogre
  3568 | D:4      | Reached XP level 6. HP: 39/48 MP: 6/6
  3684 | D:4      | Reached skill level 4 in Axes
  3684 | D:4      | Reached skill level 1 in Dodging
  3780 | D:4      | Slain by a kobold

Illustrated notes

Levels and vault maps discovered:
D:1:      dpeg_arrival_renting, layout_basic, serial_shops,
          nicolae_shop_window_shopping, shop_statue, nicolae_shop_statue_plus,
          shop_statue, shop, basic_ecumenical_altar, patterned_corridor
D:2:      layout_basic, minmay_hexomino_c4
D:3:      layout_basic, lemuel_blue_sif_altar, mainiacjoe_overflow_two_lobes
D:4:      layout_basic, temple_green, gammafunk_ghost_cemetery

Skill      XL: |  1  2  3  4  5  6 |
---------------+-------------------+-----
Axes           | 2 3 4 |  4.0
Armour         | 3 |  3.9
Shields        | 3 |  3.6
Dodging        | 1 |  1.0
Fighting       | |  3.8
Stealth        | |  0.3

Action                   |  1- 3 |  4- 6 || total
-------------------------+-------+-------++-------
Melee: War axe           |    77 |    72 ||   149
       Tailslap          |       |     3 ||     3
  Use: Potion            |     1 |       ||     1
       Scroll            |       |     1 ||     1
Armor: Scale mail        |    61 |    39 ||   100
Dodge: Dodged            |    40 |    10 ||    50
Block: Buckler           |    10 |       ||    10
       Tower shield      |    47 |    59 ||   106
